 Dungeon Crawl Stone Soup version 0.31-a0-18-gea43df2a32 (webtiles) character file.

Game seed: 12795817843286118036

41 scionoferis the Magician (level 3, 0/28 HPs)
             Began as a Djinni Warper on May 12, 2023.
             Slain by a water moccasin zombie (3 damage)
             ... on level 3 of the Dungeon.
             The game lasted 00:02:17 (1360 turns).

scionoferis the Magician (Djinni Warper)            Turns: 1360, Time: 00:02:18

Health: 0/28       AC:  4    Str: 10    XL:     3   Next: 75%
Gold:   27         EV: 11    Int: 16    God:
                   SH:  0    Dex: 12

rFire   + + .        a - +0 falchion
rCold   x . .        (no shield)
rNeg    . . .        b - +0 leather armour
rPois   ∞            g - +0 helmet
rElec   .            (no cloak)
rCorr   .            (no gloves)
SInv    .            (boots unavailable)
Will    .....        (no amulet)
Stlth   +            (no ring)
HPRegen 0.24/turn    (no ring)
MPRegen 0.00/turn

%: infuse magic (-1 HP)
@: flying
A: sickness immunity, fire resistance 2, cold vulnerability 1, float, innate
caster, HP casting, extra vitality 1
a: no special abilities


You were on level 3 of the Dungeon.
You visited 1 branch of the dungeon, and saw 3 of its levels.

You collected 27 gold pieces.


Innate Abilities, Weirdness & Mutations

You are immune to sickness and miasma.
You are immune to poison.
Your flesh is very heat resistant. (rF++)
You are vulnerable to cold. (rC-)
You float through the air rather than walking.
You learn spells naturally, not from books.
Your magical power is your life essence.
You have superior vitality. (+4 MHP)


   Skills:
 + Level 2.3 Fighting
 * Level 2.3 Long Blades
 - Level 0.7 Throwing
 - Level 1.0 Armour
 - Level 2.1 Dodging
 + Level 0.9 Stealth
 * Level 2.8 Spellcasting


You knew the following spells:

 Your Spells              Type           Power      Damage    Failure   Level
a - Blink                 Tloc           22%        N/A       12%         2
b - Lesser Beckoning      Tloc           22%        N/A       12%         2
c - Vhi's Electric Charg  Tloc/Air       22%        N/A       24%         3
d - Teleport Other        Tloc           11%        N/A       24%         3
e - Manifold Assault      Tloc           11%        N/A       61%         4
f - Slow                  Hex            44%        N/A       8%          1
Your spell library was empty.

Inventory:

Hand Weapons
 a - a +0 falchion (weapon)
Missiles
 d - 7 boomerangs of dispersal (quivered)
 l - 5 boomerangs
Armour
 b - a +0 leather armour (worn)
 g - a +0 helmet (worn)
   (You found it on level 1 of the Dungeon)
Scrolls
 c - 2 scrolls of blinking
 e - a scroll of teleportation {unknown}
 f - a scroll of fear {unknown}
 h - a scroll of enchant armour {unknown}
 i - a scroll of magic mapping {unknown}
 k - a scroll of immolation {unknown}
 m - a scroll of identify {unknown}
 n - a scroll of vulnerability {unknown}
Potions
 j - a potion of might {unknown}

Dungeon Overview and Level Annotations

Branches:
Dungeon (3/15)

Altars:

.....§. #..... .
....# #.# ##..#
....##...##
..........###########
....................#
.##.#..#Z#..........#
#...##@##.........#
##.##..###........#
#..#..## #........#
#.. #.# #........#
#.. <. #........# ...
... #........# ...
#........# ....


You could see a water moccasin zombie.


Message History

Welcome, scionoferis the Djinni Warper.
The heart of this dungeon contains the legendary artefact, the Orb of Zot.
Press ? for a list of commands and other information.
Found a short sword and a scroll labelled AMIZINKALE.
Found a staircase leading out of the dungeon.
You begin with the following spells memorised: Blink, Lesser Beckoning, Vhi's Electric Charge, Teleport Other, Manifold Assault.
e - a scroll labelled AMIZINKALE You reach down and open the door.
There is an open door here.
Found a club.
A frilled lizard comes into view.
The frilled lizard hisses angrily.
You slash the frilled lizard!
You kill the frilled lizard!
No target in view!
As you open the door, it creaks loudly! 2 jackals come into view.
The jackal barks!
A jackal comes into view.
The jackal barks!
The jackal misses you.
A giant cockroach comes into view.
The giant cockroach moves out of view.
You closely miss the jackal.
The jackal bites you but does no damage.
The jackal closely misses you.
You hit the jackal.
The jackal is heavily wounded.
The jackal bites you but does no damage.
The jackal bites you.
You slash the jackal!
You kill the jackal!
You hit the jackal.
You kill the jackal!
The jackal closely misses you.
You closely miss the jackal. Your punch misses the jackal.
The jackal barely misses you.
You closely miss the giant cockroach. The jackal closely misses you.
The giant cockroach barely misses you.
The jackal bites you but does no damage.
You hit the giant cockroach.
The giant cockroach is heavily wounded.
The giant cockroach bites you but does no damage.
The jackal bites you but does no damage.
The giant cockroach closely misses you. The jackal closely misses you.
You closely miss the giant cockroach.
The giant cockroach is heavily wounded.
The giant cockroach bites you but does no damage.
The jackal closely misses you.
You barely miss the giant cockroach.
The giant cockroach is heavily wounded.
The jackal barely misses you. The giant cockroach bites you.
The jackal barely misses you. The giant cockroach closely misses you.
You hit the giant cockroach.
You kill the giant cockroach!
The jackal bites you. The jackal closely misses you.
Your Long Blades skill increases to level 2!
You barely miss the jackal. The jackal closely misses you.
You hit the jackal.
The jackal is almost dead.
The jackal barely misses you. The jackal closely misses you.
You hit the jackal.
You kill the jackal!
You have reached level 2!
HP restored.
An endoplasm comes into view.
An endoplasm is nearby!
The endoplasm quivers.
You hit the endoplasm.
The endoplasm is moderately wounded.
The endoplasm freezes you.
You are frozen.
You feel a terrible chill! The endoplasm freezes you.
You are frozen.
You slash the endoplasm!
You kill the endoplasm!
No target in view!
You now have 13 gold pieces.
Found a scale mail.
Found a leather armour.
Found a stone staircase leading down.
A giant cockroach comes into view.
You completely miss the giant cockroach.
The giant cockroach closely misses you.
You hit the giant cockroach.
The giant cockroach is moderately wounded.
The giant cockroach barely misses you.
The giant cockroach bites you but does no damage.
You barely miss the giant cockroach.
The giant cockroach is moderately wounded.
The giant cockroach bites you but does no damage.
A giant cockroach is nearby!
You hit the giant cockroach.
You kill the giant cockroach!
No target in view!
You see here a giant cockroach corpse.
Found 6 stones.
Found a dagger.
You see here 6 stones.
You see here a +0 dagger.
A giant cockroach comes into view.
A frilled lizard comes into view.
The giant cockroach bites you.
You barely miss the giant cockroach. The giant cockroach closely misses you.
The giant cockroach bites you.
You closely miss the giant cockroach.
The giant cockroach bites you but does no damage.
You barely miss the giant cockroach. The giant cockroach misses you.
The frilled lizard unfolds its giant frill.
You barely miss the giant cockroach. The giant cockroach bites you. x2
You hit the giant cockroach but do no damage.
The giant cockroach closely misses you.
The frilled lizard bites you but does no damage.
You hit the giant cockroach but do no damage.
The giant cockroach closely misses you.
The giant cockroach bites you but does no damage.
The frilled lizard bites you.
You hit the giant cockroach.
You kill the giant cockroach!
The frilled lizard bites you.
You slash the frilled lizard!
You kill the frilled lizard!
No target in view!
No target in view!
You see here a giant cockroach corpse.
You reach down and open the door.
A bat comes into view.
There is an open door here.
The bat hits you.
You barely miss the bat. The bat hits you but does no damage. x2
You barely miss the bat. The bat barely misses you.
You closely miss the bat. The bat hits you but does no damage.
You hit the bat.
You kill the bat!
No target in view!
An endoplasm comes into view.
The endoplasm quivers.
Found a human skeleton.
You completely miss the endoplasm. The endoplasm freezes you.
You are frozen.
You hit the endoplasm.
The endoplasm is almost dead.
The endoplasm freezes you.
You are frozen.
You slash the endoplasm!
You kill the endoplasm!
No target in view!
A kobold comes into view. It is wielding a +0 dagger.
Found two human skeletons and a robe.
Found three human skeletons.
Found a faded altar of an unknown god.
The kobold hits you with a +0 dagger.
You barely miss the kobold. The kobold hits you but does no damage.
You closely miss the kobold. You punch the kobold.
The kobold is heavily wounded.
The kobold hits you with a +0 dagger.
You hit the kobold.
You kill the kobold!
No target in view!
You reach down and open the door.
There is an open door here.
You see here a +0 robe.
As you open the door, it creaks loudly!
There is an open door here.
You see here a +0 short sword.
You reach down and open the door.
There is an open door here.
Found a chain mail and a spear.
As you open the door, it creaks loudly!
A frilled lizard comes into view.
The frilled lizard hisses angrily.
Found a short sword.
You closely miss the frilled lizard.
The frilled lizard bites you but does no damage.
You barely miss the frilled lizard. The frilled lizard barely misses you.
The frilled lizard misses you.
You closely miss the frilled lizard. The frilled lizard closely misses you.
You hit the frilled lizard but do no damage.
The frilled lizard bites you.
You closely miss the frilled lizard.
The frilled lizard completely misses you.
You miss the frilled lizard. The frilled lizard misses you.
You hit the frilled lizard.
You kill the frilled lizard!
No target in view!
No target in view!
There is an open door here.
You see here a frilled lizard corpse.
f - a scroll labelled VIFOGI ZIU You reach down and open the door.
There is an open door here.
You reach down and open the door.
A goblin comes into view. It is wielding a +0 dagger.
The goblin shouts!
You closely miss the goblin. The goblin misses you.
You hit the goblin.
The goblin is severely wounded.
The goblin hits you with a +0 dagger.
You hit the goblin.
You kill the goblin!
No target in view!
An endoplasm comes into view.
An endoplasm is nearby!
A goblin comes into view. It is wielding a +0 dagger.
The endoplasm quivers.
The goblin shouts!
You hit the endoplasm.
The endoplasm is heavily wounded.
The endoplasm barely misses you.
You barely miss the endoplasm.
The endoplasm is heavily wounded.
The endoplasm barely misses you. The endoplasm completely misses you.
You hit the endoplasm.
You kill the endoplasm!
The goblin hits you with a +0 dagger.
You hit the goblin but do no damage. The goblin hits you with a +0 dagger.
You closely miss the goblin. The goblin barely misses you.
You hit the goblin.
You kill the goblin!
No target in view!
No target in view!
Things that are here:
a +0 dagger; a goblin corpse
There is an open door here.
A bat comes into view.
The bat hits you but does no damage.
You hit the bat but do no damage. The bat barely misses you. x3
You hit the bat.
The bat is severely wounded.
The bat closely misses you.
You slash the bat!
You kill the bat!
You have reached level 3!
Your experience leads to an increase in your attributes!
Increase (S)trength, (I)ntelligence, or (D)exterity?
You feel clever. x2
The power to cast Slow wells up from within.
Spell assigned to 'f'.
You now have 27 gold pieces (gained 14).
Found 7 stones.
Found a ring mail.
A bat comes into view.
You see here a +0 ring mail.
A bat is nearby!
The bat misses you.
You closely miss the bat. The bat hits you but does no damage.
The bat barely misses you.
You hit the bat.
You kill the bat!
No target in view!
You reach down and open the door.
A kobold comes into view. It is wielding a +0 short sword.
The kobold shouts!
There is an open door here.
An endoplasm comes into view.
You barely miss the kobold.
The kobold hits you with a +0 short sword.
The kobold hits you but does no damage.
You completely miss the kobold. The kobold closely misses you.
The endoplasm quivers.
You hit the kobold.
You kill the kobold!
The endoplasm barely misses you.
Things that are here:
a +0 short sword; a kobold corpse You hit the endoplasm.
The endoplasm is moderately wounded.
The endoplasm freezes you.
You are frozen.
You hit the endoplasm but do no damage.
The endoplasm is moderately wounded.
The endoplasm misses you.
You barely miss the endoplasm.
The endoplasm is moderately wounded.
The endoplasm misses you. The endoplasm freezes you.
You are frozen.
You feel a terrible chill!
You hit the endoplasm.
The endoplasm is heavily wounded.
The endoplasm hits you but does no damage.
You hit the endoplasm but do no damage.
The endoplasm is heavily wounded.
The endoplasm freezes you.
You are frozen.
You feel a terrible chill!
You barely miss the endoplasm.
The endoplasm is heavily wounded.
The endoplasm hits you.
You hit the endoplasm but do no damage.
The endoplasm is heavily wounded.
The endoplasm freezes you.
You are frozen.
You feel a terrible chill!
You are too injured to fight recklessly!
You are too injured to fight recklessly!
You are too injured to fight recklessly!
You barely miss the endoplasm.
The endoplasm is heavily wounded.
The endoplasm completely misses you. The endoplasm hits you.
You hit the endoplasm.
You kill the endoplasm!
A hobgoblin comes into view.
The hobgoblin shouts!
A quokka comes into view.
You swing at nothing.
You barely miss the hobgoblin. The hobgoblin hits you.
You hit the hobgoblin.
The hobgoblin is severely wounded.
The hobgoblin closely misses you.
You closely miss the hobgoblin.
The hobgoblin is severely wounded.
The hobgoblin closely misses you.
You closely miss the hobgoblin.
The hobgoblin is severely wounded.
The hobgoblin hits you. The hobgoblin misses you.
You barely miss the hobgoblin. Your punch misses the hobgoblin.
The hobgoblin is severely wounded.
The hobgoblin hits you.
You closely miss the hobgoblin.
The hobgoblin is severely wounded.
The hobgoblin hits you.
You hit the hobgoblin.
The hobgoblin is almost dead.
The hobgoblin hits you.
You hit the hobgoblin.
You kill the hobgoblin!
The quokka closely misses you.
You barely miss the quokka.
The quokka bites you but does no damage.
You slash the quokka!
You kill the quokka!
You swing at nothing.
You swing at nothing.
An endoplasm comes into view.
You start resting.
HP restored.
You see here a hobgoblin corpse.
Found an escape hatch in the floor.
Found a stone staircase leading down.
The endoplasm quivers.
You hit the endoplasm but do no damage.
The endoplasm hits you but does no damage.
You hit the endoplasm.
The endoplasm is moderately wounded.
The endoplasm hits you but does no damage.
The endoplasm freezes you.
You are frozen!
You feel a terrible chill!
You hit the endoplasm.
You kill the endoplasm!
No target in view!
You reach down and open the door.
Found a helmet.
Found a stone staircase leading down.
There is an open door here.
You see here a +0 helmet.
g - a +0 helmet You start putting on your armour.
You continue putting on your +0 helmet. x4
You finish putting on your +0 helmet.
Found 7 stones.
You reach down and open the door.
There is an open door here.
h - a scroll labelled SAK REOSUAVVA
There is an open door here.
c - 2 scrolls of blinking (gained 1)
i - a scroll labelled YSMACS DEGIU
j - a murky red potion You reach down and open the door.
There is an open door here.
You reach down and open the door.
There is an open door here.
You reach down and open the door.
There is an open door here.
There is an open door here.
There is an open door here.
You see here a hobgoblin skeleton.
You see here a +0 scale mail.
You reach down and open the door.
There is an open door here.
There is an open door here.
There is an open door, spattered with blood here.
You see here a +0 dagger.
You see here a +0 dagger.
There is an open door here.
A rat comes into view.
The rat bites you but does no damage.
You hit the rat.
You kill the rat!
No target in view!
Done exploring.
Search for what [? for help]? d: Unknown command.
You see here a +0 ring mail.
There is an open door here.
There is a stone staircase leading down here.
You fly downwards.
Found a scroll labelled JUTSUC QUTTOED and a stone.
There is a stone staircase leading up here.
The helpless adder fails to defend itself.
You slash the adder!
The adder is severely wounded.
The adder closely misses you. The adder barely misses you.
You closely miss the adder.
The adder is severely wounded.
The adder bites you.
You hit the adder.
You kill the adder!
No target in view!
HP restored.
You see here an adder corpse.
A giant cockroach comes into view.
Found an escape hatch in the floor.
No target in view!
No target in view!
A giant cockroach is nearby!
You hit the giant cockroach.
You kill the giant cockroach!
No target in view!
k - a scroll labelled JUTSUC QUTTOED
Found a stone staircase leading up.
You see here a giant cockroach corpse.
There is an escape hatch in the floor here.
A rat comes into view.
The rat twitches its whiskers.
You closely miss the rat. The rat closely misses you.
The rat barely misses you.
You hit the rat but do no damage. The rat bites you.
You hit the rat.
The rat is heavily wounded.
The rat bites you.
You hit the rat.
You kill the rat!
No target in view!
l - 5 boomerangs
m - a scroll labelled COOHOA XIRGHUASK Done exploring.
Done exploring.
You see here a rat corpse.
There is an escape hatch in the floor here.
You fly downwards.
The hatch slams shut behind you.
Found a scroll labelled KOGRO BUAFOLL.
You closely miss the bat. The bat hits you but does no damage.
You hit the bat but do no damage. The bat hits you but does no damage.
You barely miss the bat. The bat barely misses you.
You hit the bat.
The bat is moderately wounded.
The bat barely misses you.
You hit the bat.
You kill the bat!
No target in view!
Found a stone staircase leading up.
A water moccasin zombie comes into view.
You see here a scroll labelled KOGRO BUAFOLL.
n - a scroll labelled KOGRO BUAFOLL You slash the water moccasin zombie!
The water moccasin zombie is lightly damaged.
The water moccasin zombie bites you. The water moccasin zombie misses you.
You slash the water moccasin zombie!
The water moccasin zombie is moderately damaged.
The water moccasin zombie bites you.
You slash the water moccasin zombie!
The water moccasin zombie is heavily damaged.
The water moccasin zombie bites you.
You hit the water moccasin zombie.
The water moccasin zombie is heavily damaged.
The water moccasin zombie bites you but does no damage.
The water moccasin zombie bites you.
You hit the water moccasin zombie.
The water moccasin zombie is heavily damaged.
The water moccasin zombie bites you.
You completely miss the water moccasin zombie.
The water moccasin zombie is heavily damaged.
The water moccasin zombie barely misses you.
The water moccasin zombie bites you.
* * * LOW HITPOINT WARNING * * *
You hit the water moccasin zombie.
The water moccasin zombie is severely damaged.
The water moccasin zombie barely misses you.
You closely miss the water moccasin zombie.
The water moccasin zombie is severely damaged.
The water moccasin zombie bites you.
* * * LOW HITPOINT WARNING * * *
The water moccasin zombie bites you.
You die...

Skill      XL: |  1 |
---------------+----+-----
Long Blades    | 2 |  2.3
Fighting       | |  2.3
Throwing       | |  0.7
Armour         | |  1.0
Dodging        | |  2.1
Stealth        | |  0.9
Spellcasting   | |  2.8

Action                     || total
---------------------------++-------
  Melee: Falchion          ||   106
         Punch             ||     1
   Stab: Sleeping          ||     1
 Armour: Leather armour    ||    27
  Dodge: Dodged            ||    57

Levels and vault maps discovered:
D:1:      heliophobic_arrival_ceremonial_halls, layout_basic,
          shapermc_ecumenical_altar_pompeii
D:2:      layout_basic
D:3:      layout_rooms, trog_wizard, serial_undead, serial_undead_b,
          serial_undead_f, serial_undead_a, serial_undead_f

Notes
Turn   | Place    | Note
-------+----------+-------------------------------------------
     0 | D:1      | scionoferis the Djinni Warper began the quest for the Orb.
     0 | D:1      | scionoferis set off with the following spells memorised:
                  | Blink, Lesser Beckoning, Vhi's Electric Charge, Teleport
                  | Other, Manifold Assault.
     0 | D:1      | Reached XP level 1. HP: 18/18 MP: 0/0
    42 | D:1      | Reached skill level 2 in Long Blades
    45 | D:1      | Reached XP level 2. HP: 22/23 MP: 0/0
   264 | D:1      | Found a faded altar of an unknown god.
   459 | D:1      | Reached XP level 3. HP: 28/28 MP: 0/0
   459 | D:1      | Learned a level 1 spell: Slow
  1360 | D:3      | Slain by a water moccasin zombie

Vanquished Creatures
  An adder (D:2)
  5 endoplasms (D:1)
  4 giant cockroaches (D:1 D:2)
  2 goblins (D:1)
  A hobgoblin (D:1)
  3 jackals (D:1)
  2 kobolds (D:1)
  A quokka (D:1)
  4 bats (D:1 D:3)
  3 frilled lizards (D:1)
  2 rats (D:1 D:2)
28 creatures vanquished.

Table legend: (Time is in decaauts)
 A = Elapsed time spent in this place.
 B = Non-inter-level travel time spent in this place.
 C = Inter-level travel time spent in this place.
 D = Time resting spent in this place.
 E = Time spent auto-exploring this place.
 F = Levels seen in this place.
 G = Mean time per level.
                   A        B        C        D        E       F      G
               +--------+--------+--------+--------+--------+-----+--------+
         Total |   1381 |   1304 |     77 |     10 |   1045 |   3 |  460.3 |
       Dungeon |   1381 |   1304 |     77 |     10 |   1045 |   3 |  460.3 |
               +--------+--------+--------+--------+--------+-----+--------+

Top non-repeatable levels by time:
     D:1: 1240 daAuts
     D:2: 114 daAuts
     D:3: 26 daAuts

Table legend:
 A = Non-vault XP
 B = Vault XP
 C = Vault XP percentage of total XP
 D = Non-vault monster count
 E = Vault monster count
 F = Vault count percentage of total count
                 A         B        C        D         E       F
            +---------+---------+-------+---------+---------+-------
      Total |      59 |       0 |   0.0 |      28 |       0 |   0.0
            +---------+---------+-------+---------+---------+-------
        D:1 |      41 |       0 |   0.0 |      24 |       0 |   0.0
        D:2 |      17 |       0 |   0.0 |       3 |       0 |   0.0
        D:3 |       1 |       0 |   0.0 |       1 |       0 |   0.0
            +---------+---------+-------+---------+---------+-------
